 Dungeon Crawl Stone Soup version 0.29.0-4-gdea44cf6ec (webtiles) character file.

Game seed: 7613872883459367254

252 qw the Ruffian (level 6, -5/51 HPs)
             Began as a Ghoul Fire Elementalist on Aug 30, 2022.
             Slain by Duvessa
             ... wielding a +2 rapier of holy wrath
              (6 damage)
             ... on level 4 of the Dungeon.
             The game lasted 00:02:25 (2482 turns).

qw the Ruffian (Ghoul Fire Elementalist)            Turns: 2482, Time: 00:02:26

Health: -5/51      AC:  5    Str: 14    XL:     6   Next: 13%
Magic:  7/7        EV: 10    Int: 10    God:
Gold:   151        SH:  0    Dex:  9    Spells: 7/8 levels left

rFire   . . .      SeeInvis .     - Unarmed
rCold   + . .      Faith    .   (no shield)
rNeg    + + +      Spirit   .   b - +0 ring mail
rPois   inf        Reflect  .   (no helmet)
rElec   .          Harm     .   (no cloak)
rCorr   .          Rampage  .   (no gloves)
Will    .....                   (no boots)
Stlth   +.........              g - amulet of the acrobat
HPRegen 0.00/turn               (no ring)
MPRegen 0.10/turn               (no ring)

@: about to teleport, inhibited regen
A: claws 1, cold resistance 1, negative energy resistance 3, inhibited
regeneration, torment resistance 2, devour on kill
a: no special abilities


You were on level 4 of the Dungeon.
You visited 1 branch of the dungeon, and saw 6 of its levels.

You collected 151 gold pieces.


Innate Abilities, Weirdness & Mutations

You are immune to poison.
You have sharp fingernails.
Your flesh is cold resistant. (rC+)
You are immune to negative energy. (rN+++)
You do not regenerate when monsters are visible.
You are immune to unholy pain and torment.
You thrive by killing the living.


   Skills:
 - Level 3.6 Fighting
 - Level 1.7 Dodging
 - Level 2.1 Stealth
 + Level 5.0 Unarmed Combat
 - Level 1.7 Spellcasting
 - Level 0.7 Conjurations
 - Level 2.4 Fire Magic


You had 7 spell levels left.
You knew the following spells:

 Your Spells              Type           Power      Damage    Failure   Level
a - Foxfire               Conj/Fire      16%        2x1d4     34%         1

Your spell library contained the following spells:

 Spells                   Type           Power      Damage    Failure   Level
 Scorch                   Fire           10%        2d6       36%         2
 Conjure Flame            Conj/Fire      4%         6-21      71%         3
 Inner Flame              Hex/Fire       3%         N/A       77%         3
 Flame Wave               Conj/Fire      4%         2d5       98%         4

Inventory:

Missiles
 f - 5 boomerangs (quivered)
Armour
 a - a +2 leather armour of fire resistance
 b - a +0 ring mail (worn)
Jewellery
 g - an amulet of the acrobat (around neck)
Potions
 c - a potion of might {unknown}
 e - 4 potions of curing
 i - a potion of heal wounds {unknown}

Dungeon Overview and Level Annotations

Branches:
Dungeon (6/15)
 Temple: D:4-7

Altars:
Hepliaklqana

Annotations:
D:4 Duvessa


Message History

2470 ||| Stepping ~*~*~tactically~*~*~ (stealth).
Duvessa yells, "You can run, but you cannot escape us forever!"
You scratch Duvessa.
Duvessa is lightly wounded.
Duvessa hits you with a +2 rapier of holy wrath.
You convulse.
You scratch Duvessa but do no damage.
Duvessa is lightly wounded.
Duvessa hits you with a +2 rapier of holy wrath.
You convulse.
2473 ||| Stepping ~*~*~tactically~*~*~ (stealth).
2474 ||| Stepping ~*~*~tactically~*~*~ (stealth).
Duvessa says, "When magic and the sword combine, nothing stands against them."
You scratch Duvessa.
Duvessa is lightly wounded.
Duvessa closely misses you.
You barely miss Duvessa.
Duvessa is lightly wounded.
Duvessa hits you with a +2 rapier of holy wrath.
You convulse.
2477 ||| Stepping ~*~*~tactically~*~*~ (stealth).
You scratch Duvessa.
Duvessa is moderately wounded.
Duvessa hits you with a +2 rapier of holy wrath!
You convulse.
You closely miss Duvessa.
Duvessa is moderately wounded.
You scratch Duvessa.
Duvessa is moderately wounded.
Duvessa hits you with a +2 rapier of holy wrath.
You convulse.
2481 ||| READING scroll of teleportation.
As you read the scroll of teleportation, it crumbles to dust.
You feel strangely unstable.
Duvessa hits you with a +2 rapier of holy wrath.
You convulse.
You barely miss Duvessa.
Duvessa is moderately wounded.
Duvessa hits you with a +2 rapier of holy wrath.
You die...

#### ######### #...
#.......#
#....#.......#
#....#.......# .
........@e...#....
.................$.
...........##......
........###.##..... .
########.....#.S...
.# ####.#......# ....
.###.....#.....# ...
####.#......#.....S#
...
##.....#.....#....S##


You could see Duvessa.

Vanquished Creatures
  An ice beast (D:3)
  Jessica (D:2)
  An iguana (D:4)
  An orc wizard (D:4)
  2 adders
  2 worms (D:2)
  5 orcs
  7 ball pythons
  3 endoplasms (D:2)
  2 giant cockroaches (D:1)
  5 goblins
  5 hobgoblins
  2 jackals (D:3)
  2 quokkas
  4 bats (D:1)
  6 frilled lizards
  6 rats
55 creatures vanquished.

Vanquished Creatures (others)
  A plant (D:4)
1 creature vanquished.

Grand Total: 56 creatures vanquished

Notes
Turn   | Place    | Note
-------+----------+-------------------------------------------
     0 | D:1      | qw the Ghoul Fire Elementalist began the quest for the Orb.
     0 | D:1      | Reached XP level 1. HP: 14/14 MP: 2/2
     0 | D:1      | 0 ||| qw: Version: 0.1-a-90-g952f4b7
     0 | D:1      | 0 ||| qw: Game counter: 4311
     0 | D:1      | 0 ||| qw: Always use a shield: true
     0 | D:1      | 0 ||| qw: God list: Okawaru
     0 | D:1      | 0 ||| qw: Allow faded altars: false
     0 | D:1      | 0 ||| qw: Do Orc after D:15 true
     0 | D:1      | 0 ||| qw: Do second Lair branch before Depths: true
     0 | D:1      | 0 ||| qw: Lair rune preference: random
     0 | D:1      | 0 ||| qw: Plans: Normal
     0 | D:1      | 0 ||| PLANNING D:1-11
    95 | D:1      | Reached skill level 1 in Unarmed Combat
   200 | D:1      | Reached skill level 1 in Fighting
   200 | D:1      | Reached XP level 2. HP: 23/23 MP: 3/3
   246 | D:1      | 246 ||| Stepping ~*~*~tactically~*~*~ (stealth).
   247 | D:1      | 247 ||| Stepping ~*~*~tactically~*~*~ (stealth).
   370 | D:1      | 370 ||| Stepping ~*~*~tactically~*~*~ (stealth).
   462 | D:1      | Reached skill level 2 in Unarmed Combat
   933 | D:1      | 933 ||| DROPPING scarf of shadows.
   934 | D:1      | 934 ||| READING 2 scrolls labelled VEMPAKH WYWORCH.
   935 | D:1      | 935 ||| READING scroll labelled OGUSAHY ENOHI.
   936 | D:1      | 936 ||| READING 2 scrolls labelled PAOGROIRGHOUTY.
   937 | D:1      | 937 ||| READING 2 scrolls labelled RIAD ANUNUL.
   942 | D:1      | 942 ||| DRINKING 3 bubbling purple potions.
   943 | D:1      | 943 ||| DROPPING potion of magic.
   944 | D:1      | 944 ||| DROPPING scroll of vulnerability.
   945 | D:1      | 945 ||| DROPPING scroll of poison.
   978 | D:2      | 978 ||| STAIRDANCE
  1107 | D:2      | Reached XP level 3. HP: 17/28 MP: 4/4
  1290 | D:2      | Found a faded altar of an unknown god.
  1297 | D:2      | 1297 ||| Stepping ~*~*~tactically~*~*~ (stealth).
  1368 | D:2      | Noticed Jessica
  1376 | D:2      | Killed Jessica
  1377 | D:2      | Reached skill level 3 in Unarmed Combat
  1447 | D:2      | Reached XP level 4. HP: 35/35 MP: 5/5
  1722 | D:2      | 1722 ||| Stepping ~*~*~tactically~*~*~ (stealth).
  1723 | D:2      | 1723 ||| Stepping ~*~*~tactically~*~*~ (stealth).
  1757 | D:2      | 1757 ||| Stepping ~*~*~tactically~*~*~ (stealth).
  1760 | D:2      | 1760 ||| Stepping ~*~*~tactically~*~*~ (stealth).
  1762 | D:2      | 1762 ||| Stepping ~*~*~tactically~*~*~ (stealth).
  1764 | D:2      | 1764 ||| Stepping ~*~*~tactically~*~*~ (stealth).
  1766 | D:2      | 1766 ||| Stepping ~*~*~tactically~*~*~ (stealth).
  1768 | D:2      | 1768 ||| Stepping ~*~*~tactically~*~*~ (stealth).
  1770 | D:2      | 1770 ||| Stepping ~*~*~tactically~*~*~ (stealth).
  1950 | D:2      | Found a hazy altar of Hepliaklqana.
  1954 | D:2      | 1954 ||| UPGRADING to +0 ring mail.
  1964 | D:2      | 1964 ||| DROPPING +0 robe.
  1965 | D:2      | 1965 ||| UPGRADING to amulet of the acrobat.
  1970 | D:2      | 1970 ||| READING scroll labelled METWUAMORE.
  1971 | D:2      | 1971 ||| READING scroll labelled SIRUJI YDUGRITS.
  1972 | D:2      | 1972 ||| DRINKING 3 fuming white potions.
  1973 | D:2      | 1973 ||| DROPPING 2 potions of flight.
  2012 | D:3      | Reached skill level 4 in Unarmed Combat
  2020 | D:3      | 2020 ||| Stepping ~*~*~tactically~*~*~ (stealth).
  2023 | D:3      | Noticed an ice beast
  2035 | D:3      | Killed an ice beast
  2036 | D:3      | Reached skill level 3 in Fighting
  2036 | D:3      | Reached XP level 5. HP: 38/45 MP: 6/6
  2195 | D:3      | You fall into a shaft and drop 3 floors!
  2199 | D:5      | Entered Level 5 of the Dungeon
  2261 | D:4      | 2261 ||| Stepping ~*~*~tactically~*~*~ (outnumbered).
  2262 | D:4      | 2262 ||| Stepping ~*~*~tactically~*~*~ (outnumbered).
  2267 | D:4      | 2267 ||| Stepping ~*~*~tactically~*~*~ (outnumbered).
  2268 | D:4      | 2268 ||| Stepping ~*~*~tactically~*~*~ (outnumbered).
  2269 | D:4      | 2269 ||| Stepping ~*~*~tactically~*~*~ (outnumbered).
  2278 | D:4      | Reached XP level 6. HP: 28/51 MP: 7/7
  2294 | D:4      | 2294 ||| Stepping ~*~*~tactically~*~*~ (stealth).
  2390 | D:4      | 2390 ||| Stepping ~*~*~tactically~*~*~ (stealth).
  2397 | D:4      | 2397 ||| Stepping ~*~*~tactically~*~*~ (stealth).
  2398 | D:4      | 2398 ||| Stepping ~*~*~tactically~*~*~ (stealth).
  2399 | D:4      | 2399 ||| Stepping ~*~*~tactically~*~*~ (stealth).
  2432 | D:4      | 2432 ||| Stepping ~*~*~tactically~*~*~ (stealth).
  2439 | D:4      | Reached skill level 5 in Unarmed Combat
  2467 | D:4      | Noticed Duvessa
  2470 | D:4      | 2470 ||| Stepping ~*~*~tactically~*~*~ (stealth).
  2473 | D:4      | 2473 ||| Stepping ~*~*~tactically~*~*~ (stealth).
  2474 | D:4      | 2474 ||| Stepping ~*~*~tactically~*~*~ (stealth).
  2477 | D:4      | 2477 ||| Stepping ~*~*~tactically~*~*~ (stealth).
  2480 | D:4      | HP: 11/51 [Duvessa/+2 rapier of holy wrath (2)]
  2481 | D:4      | 2481 ||| READING scroll of teleportation.
  2481 | D:4      | HP: 1/51 [Duvessa/+2 rapier of holy wrath (5)]
  2482 | D:4      | Slain by Duvessa

Levels and vault maps discovered:
D:1:      dpeg_arrival_arbitrary_c, layout_loops_cross,
          dreamdust_princess_corridor
D:2:      layout_basic, ebering_ecumenical_altar_petrified, basic_altar,
          uniq_jessica
D:3:      layout_basic, kennysheep_minor_cross
D:4:      nicolae_BIG_FREAKIN_CUBE, layout_basic, serial_forest,
          infiniplex_forest_end_3, infiniplex_forest_clump_long,
          infiniplex_forest_clump_long, infiniplex_forest_zigzag_2,
          kennysheep_generic_room_14, uniq_blork_the_orc, uniq_duvessa,
          uniq_natasha
D:5:      layout_loops_ring, minmay_hollow_rounded_squares
D:6:      minmay_chambers_of_sixes, layout_loops_ring, serial_shops,
          nicolae_shop_bloodbath_and_beyond

Skill      XL: |  1  2  3  4  5  6 |
---------------+-------------------+-----
Unarmed Combat | 1 2 3 4 5 |  5.0
Fighting       | 1 3 |  3.6
Dodging        | |  1.7
Stealth        | |  2.1
Spellcasting   | |  1.7
Conjurations   | |  0.7
Fire Magic     | |  2.4

Action                   |  1- 3 |  4- 6 || total
-------------------------+-------+-------++-------
Melee: Unarmed           |    98 |    78 ||   176
       Punch             |     1 |     2 ||     3
Throw: Boomerang         |    14 |    31 ||    45
  Use: Scroll            |     4 |     3 ||     7
       Potion            |     1 |     1 ||     2
Armor: Robe              |    17 |     1 ||    18
       Ring mail         |       |    11 ||    11
Dodge: Dodged            |    42 |    33 ||    75

Table legend:
 A = Non-vault XP
 B = Vault XP
 C = Vault XP percentage of total XP
 D = Non-vault monster count
 E = Vault monster count
 F = Vault count percentage of total count
                 A         B        C        D         E       F
            +---------+---------+-------+---------+---------+-------
      Total |     323 |      37 |  10.3 |      54 |       1 |   1.8
            +---------+---------+-------+---------+---------+-------
        D:1 |      31 |       0 |   0.0 |      20 |       0 |   0.0
        D:2 |      34 |      37 |  52.1 |      18 |       1 |   5.3
        D:3 |     161 |       0 |   0.0 |       7 |       0 |   0.0
        D:4 |      84 |       0 |   0.0 |       8 |       0 |   0.0
        D:5 |      13 |       0 |   0.0 |       1 |       0 |   0.0
            +---------+---------+-------+---------+---------+-------
